 Dungeon Crawl Stone Soup version 0.30-a0-913-g9934a0ce24 (webtiles) character file.

Game seed: 2400201347518315230

32011 timneilson the Protected (level 13, -5/80 HPs)
             Began as a Gargoyle Fighter on Mar 19, 2023.
             Was a High Priest of Okawaru.
             Slain by a brown ugly thing (12 damage)
             ... on level 14 of the Dungeon.
             The game lasted 00:37:38 (15856 turns).

timneilson the Protected (Gargoyle Fighter)        Turns: 15856, Time: 00:37:39

Health: -5/80      AC: 20    Str: 21    XL:     13   Next: 61%
Magic:  18/18      EV:  8    Int:  9    God:    Okawaru [*****.]
Gold:   1109       SH: 12    Dex: 16    Spells: 12/12 levels left

rFire   . . .      SeeInvis .    J - +4 double sword
rCold   + . .      Faith    .    s - +0 kite shield "Ammoget" {Stlth+}
rNeg    + . .      Spirit   .    u - +0 plate armour
rPois   ∞          Reflect  .    (no helmet)
rElec   +          Rampage  .    (no cloak)
rCorr   .                        g - +0 pair of fencer's gloves {Riposte Dex+3}
Will    .....                    D - +0 pair of boots Stlth
                                 (no amulet)
HPRegen 0.33/turn                E - ring of protection from cold
MPRegen 0.16/turn                (no ring)

@: corroded
A: sickness immunity, AC +9, negative energy resistance 1, electricity
resistance, torment resistance 1, petrification resistance
a: Renounce Religion, Heroism, Finesse, Duel


You were on level 14 of the Dungeon.
You worshipped Okawaru.
Okawaru was extremely pleased with you.
You visited 2 branches of the dungeon, and saw 16 of its levels.
You also visited: Sewer.

You collected 1109 gold pieces.

Inventory:

Hand Weapons
 c - a +0 double sword of protection
 v - a +4 scimitar of flaming
 J - a +4 double sword (weapon)
Missiles
 j - 3 throwing nets (quivered)
Armour
 g - the +0 pair of fencer's gloves (worn) {Riposte Dex+3}
   (You acquired it on level 5 of the Dungeon)

   Riposte:   It allows the wearer to riposte with melee weapons, swiftly
   retaliating against missed or blocked melee attacks.
   Dex:       It affects your dexterity (+3).
 s - the +0 kite shield "Ammoget" (worn) {Stlth+}
   (Okawaru gifted it to you on level 11 of the Dungeon)

   Stlth:     It makes you more stealthy.
 u - a +0 plate armour (worn)
 D - a +0 pair of boots (worn)
Jewellery
 E - a ring of protection from cold (left hand)
Wands
 b - a wand of iceblast (18)
 t - a wand of light (1)
 w - a wand of flame (12)
 B - a wand of polymorph (2)
Scrolls
 i - 4 scrolls of magic mapping
 n - 11 scrolls of teleportation
 o - a scroll of enchant armour
 p - 2 scrolls of amnesia
 y - 4 scrolls of fear
 z - 4 scrolls of poison
 A - a scroll of fog
 C - a scroll of enchant weapon
 H - 2 scrolls of silence
Potions
 a - a potion of curing
 d - 6 potions of might
 e - 3 potions of ambrosia
 f - a potion of resistance
 h - 7 potions of flight
 k - 2 potions of cancellation
 l - 2 potions of attraction
 m - 6 potions of lignification
 q - 6 potions of haste
 r - 4 potions of invisibility
 x - 3 potions of magic
 F - 3 potions of mutation
 G - 4 potions of brilliance
 I - a potion of berserk rage
Miscellaneous
 K - a lightning rod (4/4)


   Skills:
 + Level 8.9 Fighting
 * Level 9.8 Long Blades
 * Level 12.0 Armour
 + Level 6.0 Dodging
 * Level 11.9 Shields
 + Level 7.4 Invocations
 + Level 6.4 Evocations


You had 12 spell levels left.
You didn't know any spells.
Your spell library contained the following spells:

 Spells                   Type           Power      Damage    Failure   Level
 Beastly Appendage        Tmut           0%         N/A       100%        1
 Sandblast                Erth           0%         2d4       100%        1
 Blink                    Tloc           0%         N/A       100%        2
 Lesser Beckoning         Tloc           0%         N/A       100%        2
 Momentum Strike          Conj/Tloc      0%         3d8       100%        2
 Passwall                 Tmut/Erth      0%         N/A       100%        2
 Wereblood                Tmut           0%         N/A       100%        2
 Gell's Gravitas          Tloc           0%         N/A       100%        3
 Hailstorm                Conj/Ice       0%         3d3       100%        3
 Ozocubu's Armour         Ice            0%         N/A       100%        3
 Spider Form              Tmut/Pois      0%         N/A       100%        3
 Stone Arrow              Conj/Erth      0%         3d7       100%        3
 Teleport Other           Tloc           0%         N/A       100%        3
 Cause Fear               Hex            0%         N/A       100%        4
 Leda's Liquefaction      Hex/Erth       0%         N/A       100%        4
 Iskenderun's Battlesphe  Conj           0%         2d6       100%        5
 Metabolic Englaciation   Hex/Ice        0%         N/A       100%        5
 Iron Shot                Conj/Erth      0%         9d1       100%        6
 Dragon Form              Tmut           0%         N/A       100%        7
 Polar Vortex             Ice            0%         N/A       100%        9
 Simulacrum               Ice/Necr       Unusable   N/A       N/A         6
 Spellforged Servitor     Conj/Summ      Unusable   N/A       N/A         7
 Dragon's Call            Summ           Unusable   N/A       N/A         9

Dungeon Overview and Level Annotations

Branches:
Dungeon (15/15)            Temple (1/1) D:4            Lair (0/5) D:10
    Orc (0/2) D:11         Vaults (0/5) D:14          Sewer (visited)
 Depths: D:15

Altars:
Ashenzari
Cheibriados
Dithmenos
Elyvilon
Fedhas
Gozag
Hepliaklqana
Kikubaaqudgha
Makhleb
Nemelex Xobeh
Okawaru
Qazlal
Ru
Sif Muna
Trog
Uskayaw
Vehumet
Wu Jian
Xom
Yredelemnul
Zin
The Shining One

Annotations:
D:8 3 runed translucent doors, patfeehan111222's ghost, novice MiBe


Innate Abilities, Weirdness & Mutations

You are immune to sickness and miasma.
Your stone body is resilient. (AC +9)
You are immune to poison.
You resist negative energy. (rN+)
You are resistant to electric shocks. (rElec)
You are resistant to unholy torment.
You are immune to petrification.


Message History

The brown ugly thing claws you.
You are splashed with acid!
You slash the brown ugly thing!
The brown ugly thing is almost dead.
The brown ugly thing engulfs you! The acid corrodes you!
You are splashed with acid!
The brown ugly thing claws you but does no damage.
You are too injured to fight recklessly!
You are too injured to fight recklessly!
You are too injured to fight recklessly!
You are too injured to fight recklessly!
You are too injured to fight recklessly!
You are too injured to fight recklessly!
You are too injured to fight recklessly!
You are too injured to fight recklessly!
You are too injured to fight recklessly!
You are too injured to fight recklessly!
You are too injured to fight recklessly!
You are too injured to fight recklessly!
You are too injured to fight recklessly!
You are too injured to fight recklessly!
You are too injured to fight recklessly!
You are too injured to fight recklessly!
You are too injured to fight recklessly!
You hit the brown ugly thing but do no damage.
The brown ugly thing is almost dead.
The brown ugly thing engulfs you!
You are splashed with acid!
* * * LOW HITPOINT WARNING * * *
The brown ugly thing claws you but does no damage.
You hit the brown ugly thing but do no damage.
The brown ugly thing is almost dead.
You block the brown ugly thing's attack.
The brown ugly thing claws you but does no damage.
You barely miss the brown ugly thing.
The brown ugly thing is almost dead.
The brown ugly thing engulfs you!
* * * LOW HITPOINT WARNING * * *
The acid corrodes you!
You are splashed with acid.
* * * LOW HITPOINT WARNING * * *
The brown ugly thing claws you!
You die...

..............#..............##..
....[>........#..............#.#.
................................#
........................#....<..#
##............................^.#
#.........................###.##
###.##................##..#####.
####...####..u....##.#....# ##
##...# ##.@u......#...## # ##.##
##..##.......## ###
#...#.......## ###..........#
##..........## ##....##......##
#....####......# #.....# ###...##
#....## #####


You could see 2 ugly things.

Vanquished Creatures
  Snorg (D:13)
  2 centaur warriors (D:13)
  2 dancing weapons (D:14)
  6 boulder beetles
  7 two-headed ogres
  2 tengu warriors (D:13)
  Urug (D:13)
  An orange crystal statue (D:12)
  A deep elf pyromancer (D:14)
  Pikel (D:4)
  An orc knight (D:15)
  4 ugly things
  5 cyclopes
  4 manticores
  2 gargoyles
  2 kobold demonologists (D:11)
  An efreet (D:15)
  Grinder (D:5)
  Sigmund (D:3)
  14 slime creatures
  A shadow (D:9)
  19 yaks
  2 wraiths
  10 vampire mosquitoes
  Edmund (D:4)
  2 acid dragons (D:12)
  A water moccasin (D:8)
  7 orc warriors
  2 ice beasts
  3 ogres
  2 centaurs
  A lemure (D:4)
  Blork the orc (D:4)
  3 kobold brigands
  3 bullfrogs
  3 scorpions (D:6)
  3 wights (D:6)
  9 killer bees
  A howler monkey (D:6)
  A jelly (D:7)
  3 hounds
  A gnoll bouda (D:5)
  6 orc priests
  3 sleepcaps
  20 orc wizards
  4 iguanas
  Natasha (thrice) (D:3)
  A sickly merfolk siren (Sewer)
  Ijyb (D:3)
  A malarious merfolk avatar (Sewer)
  9 adders
  14 gnolls
  2 river rats (Sewer)
  A shadow imp (D:8)
  An ufetubus (D:4)
  5 worms
  4 dart slugs
  52 orcs
  8 ball pythons
  4 bats
  10 endoplasms
  7 giant cockroaches
  2 goblins (D:3)
  10 hobgoblins
  8 jackals
  6 quokkas
  15 frilled lizards
  20 kobolds
  24 rats
379 creatures vanquished.

Vanquished Creatures (others)
  An orc wizard (D:8)
  7 fungi (D:4)
  6 plants (D:4)
14 creatures vanquished.

Grand Total: 393 creatures vanquished

Notes
Turn   | Place    | Note
-------+----------+-------------------------------------------
     0 | D:1      | timneilson the Gargoyle Fighter began the quest for the
                  | Orb.
     0 | D:1      | Reached XP level 1. HP: 14/14 MP: 1/1
    91 | D:1      | Reached XP level 2. HP: 19/19 MP: 2/2
   423 | D:1      | Reached XP level 3. HP: 22/23 MP: 3/3
   805 | D:2      | Reached XP level 4. HP: 12/28 MP: 4/4
   996 | D:2      | Reached skill level 4 in Armour
  1053 | D:2      | Reached skill level 1 in Dodging
  1053 | D:2      | Reached XP level 5. HP: 24/33 MP: 5/5
  1458 | D:2      | Found a snail-covered altar of Cheibriados.
  2017 | D:3      | Noticed Ijyb
  2024 | D:3      | Killed Ijyb
  2046 | D:3      | Identified the +3 leather armour "Coophego" {Str-5 Dex+4}
  2107 | D:3      | Got Telyax's Papyrus of the Snowflakes and Breccia
  2173 | D:3      | Found a glowing golden altar of the Shining One.
  2296 | D:3      | Noticed Natasha
  2303 | D:3      | Killed Natasha
  2304 | D:3      | Reached XP level 6. HP: 26/38 MP: 6/6
  2456 | D:3      | Noticed Natasha
  2462 | D:3      | Killed Natasha
  2514 | D:3      | Noticed Sigmund
  2523 | D:3      | Killed Sigmund
  2524 | D:3      | Reached skill level 5 in Armour
  2524 | D:3      | Reached skill level 5 in Shields
  2524 | D:3      | Reached XP level 7. HP: 41/44 MP: 7/7
  2557 | D:3      | Noticed Natasha
  2562 | D:3      | Killed Natasha
  2563 | D:3      | Reached skill level 1 in Evocations
  2675 | D:4      | Noticed Blork the orc
  2690 | D:4      | Killed Blork the orc
  3082 | D:4      | Found a staircase to the Ecumenical Temple.
  3088 | Temple   | Entered the Ecumenical Temple
  3158 | Temple   | Became a worshipper of Warmaster Okawaru
  3319 | D:4      | Noticed Edmund
  3342 | D:4      | Killed Edmund
  3488 | D:4      | Identified the +0 leather armour "Fyepe" {rElec rC+ Dex+3}
  3513 | D:4      | Noticed Pikel
  3523 | D:4      | Killed Pikel
  3523 | D:4      | Reached * piety under Okawaru
  3524 | D:4      | Reached skill level 5 in Fighting
  3524 | D:4      | Reached skill level 6 in Armour
  3524 | D:4      | Reached skill level 1 in Invocations
  3524 | D:4      | Reached XP level 8. HP: 30/49 MP: 7/9
  3841 | D:5      | Entered Level 5 of the Dungeon
  3846 | D:5      | Reached ** piety under Okawaru
  3953 | D:5      | Noticed Grinder
  3984 | D:5      | Paralysed by Grinder for 5 turns
  3996 | D:5      | Killed Grinder
  4010 | D:5      | Found a shadowy altar of Dithmenos.
  4059 | D:5      | Reached XP level 9. HP: 25/54 MP: 10/10
  4180 | D:5      | Reached skill level 5 in Long Blades
  4734 | D:5      | Identified a scroll of acquirement
  4734 | D:5      | Acquired the +0 pair of fencer's gloves {Riposte Dex+3}
  4734 | D:5      | Found the +0 pair of fencer's gloves {Riposte Dex+3}
  4775 | D:6      | Found a glowing drain.
  4801 | Sewer    | Entered a sewer
  5231 | D:6      | Found a glowing silver altar of Zin.
  5264 | D:6      | Reached skill level 7 in Armour
  5355 | D:6      | Found a white marble altar of Elyvilon.
  5355 | D:6      | Found a radiant altar of Vehumet.
  5506 | D:6      | Reached *** piety under Okawaru
  6451 | D:7      | Found a snail-covered altar of Cheibriados.
  7054 | D:8      | Reached **** piety under Okawaru
  7055 | D:8      | Reached XP level 10. HP: 47/60 MP: 12/12
  7067 | D:8      | Found a runed translucent gate.
  7067 | D:8      | Found a runed translucent gate.
  7068 | D:8      | Found a runed translucent gate.
  7068 | D:8      | Found an opulent altar of Gozag.
  7069 | D:8      | Noticed a deep elf pyromancer
  7072 | D:8      | Noticed patfeehan111222's ghost (novice MiBe)
  7461 | D:8      | Reached skill level 8 in Armour
  7798 | D:9      | Noticed a two-headed ogre
  7805 | D:9      | Killed a two-headed ogre
  8419 | D:10     | Entered Level 10 of the Dungeon
  8475 | D:10     | Reached ***** piety under Okawaru
  8660 | D:10     | Found an ancient bone altar of Kikubaaqudgha.
  8965 | D:10     | Found a staircase to the Lair.
  9134 | D:11     | Noticed a cyclops
  9146 | D:11     | Killed a cyclops
  9147 | D:11     | Reached skill level 9 in Armour
  9147 | D:11     | Reached XP level 11. HP: 59/66 MP: 12/14
  9167 | D:11     | Noticed a two-headed ogre
  9177 | D:11     | Killed a two-headed ogre
  9222 | D:11     | Noticed a boulder beetle
  9273 | D:11     | Killed a boulder beetle
  9274 | D:11     | Reached skill level 5 in Invocations
  9390 | D:11     | Identified the +0 kite shield "Ammoget" {Stlth+} (Okawaru
                  | gifted it to you on level 11 of the Dungeon)
  9390 | D:11     | Received a gift from Okawaru
  9560 | D:11     | Noticed a two-headed ogre
  9566 | D:11     | Killed a two-headed ogre
  9588 | D:11     | Noticed a boulder beetle
  9608 | D:11     | Killed a boulder beetle
  9722 | D:11     | You fall into a shaft and drop 1 floor!
  9835 | D:11     | Noticed a two-headed ogre
  9846 | D:11     | Killed a two-headed ogre
  9847 | D:11     | Reached skill level 10 in Armour
 10084 | D:11     | Found a staircase to the Orcish Mines.
 10267 | D:12     | Noticed a two-headed ogre
 10276 | D:12     | Killed a two-headed ogre
 10277 | D:12     | Reached skill level 10 in Shields
 10277 | D:12     | Reached skill level 5 in Evocations
 10396 | D:12     | Noticed a two-headed ogre
 10403 | D:12     | Killed a two-headed ogre
 10404 | D:12     | Reached XP level 12. HP: 68/72 MP: 14/16
 10431 | D:12     | Reached skill level 5 in Dodging
 10800 | D:12     | Received a gift from Okawaru
 10876 | D:12     | Found a radiant altar of Vehumet.
 11216 | D:12     | Noticed a boulder beetle
 11244 | D:12     | Killed a boulder beetle
 11831 | D:12     | Noticed a boulder beetle
 11904 | D:12     | Killed a boulder beetle
 11904 | D:12     | Received a gift from Okawaru
 12139 | D:12     | Noticed a tengu warrior
 12139 | D:12     | Noticed a tengu warrior
 12378 | D:13     | Noticed a centaur warrior
 12389 | D:13     | Killed a centaur warrior
 12392 | D:13     | Reached skill level 11 in Armour
 12501 | D:13     | Noticed Snorg
 12512 | D:13     | Killed Snorg
 12578 | D:13     | Noticed a tengu warrior
 12579 | D:13     | Noticed a tengu warrior
 12601 | D:13     | Killed a tengu warrior
 12604 | D:13     | Killed a tengu warrior
 12762 | D:13     | Noticed Urug
 12775 | D:13     | Killed Urug
 12776 | D:13     | Reached XP level 13. HP: 79/79 MP: 11/18
 13000 | D:13     | Received a gift from Okawaru
 14352 | D:14     | Found a gate to the Vaults.
 15010 | D:15     | Entered Level 15 of the Dungeon
 15029 | D:15     | Identified the +3 leather armour of Gravitas {Rampage
                  | rCorr}
 15142 | D:15     | Identified the +0 leather armour "Edegoa" {rN+}
 15423 | D:15     | Received a gift from Okawaru
 15655 | D:15     | Reached skill level 12 in Armour
 15856 | D:14     | Slain by a brown ugly thing

Illustrated notes

Levels and vault maps discovered:
D:1:      psy_arrival_whirlpool, layout_basic
D:2:      layout_basic, basic_altar, minmay_lizard_pond
D:3:      layout_loops_cross, tso_altar, uniq_ijyb, uniq_sigmund, uniq_natasha
D:4:      layout_loops_cross, minmay_temple_entry_gardened_gates,
          dreamdust_gnoll_farm, uniq_pikel, uniq_edmund, uniq_blork_the_orc
D:5:      layout_rooms, mainiacjoe_overflow_brackets, serial_curves,
          eino_curves_01, eino_curves_03, eino_curves_03, eino_curves_04,
          kennysheep_another_room, chequers_jeans, grunt_decor_one_mirror,
          uniq_grinder
D:6:      layout_basic, overflow_temple_1_default,
          gammafunk_temple_overflow_wave, cheibrodos_sewer_entry_bend
D:7:      layout_rooms, overflow_temple_1_default
D:8:      layout_loops_cross, ebering_ghost_gozag, minmay_misc_feat_encased
D:9:      layout_cross
D:10:     layout_rooms, kiku_gazebo_garden_becter, lair_entry_dummy,
          minmay_orc_keep
D:11:     layout_irregular_city, orc_0_dummy
D:12:     layout_grid_maze, minivault_16, vehumet_crystals
D:13:     layout_basic, amcnicky_mini_pool_small, roderic_roman_lattice,
          minmay_misc_feat_alley, corexii_checkpoint_b, drop_trap, uniq_urug,
          uniq_snorg
D:14:     layout_cave_pools, erik_vaults_1, minmay_door_square
D:15:     gammafunk_enter_depths_forms, layout_gridville, uniq_josephine
Temple:   regret_index_temple_waves

Skill      XL: |  1  2  3  4  5  6  7  8  9 10 11 12 13 |
---------------+----------------------------------------+-----
Long Blades    | 2 3 4 6 7 8 9 |  9.8
Shields        | 4 5 6 7 9 10 11 | 11.9
Armour         | 4 5 6 7 9 10 11 12 | 12.0
Dodging        | 1 2 3 4 5 6 |  6.0
Fighting       | 4 5 6 7 8 |  8.9
Evocations     | 2 3 4 5 6 |  6.4
Invocations    | 1 2 3 4 5 6 7 |  7.4

Action                     |  1- 3 |  4- 6 |  7- 9 | 10-12 | 13-15 || total
---------------------------+-------+-------+-------+-------+-------++-------
  Melee: Long sword        |   133 |   192 |    20 |       |       ||   345
         Scimitar          |       |       |   436 |   434 |       ||   870
         Double sword      |       |       |       |   176 |   205 ||   381
 Invoke: Heroism           |       |       |       |    14 |     6 ||    20
         Finesse           |       |       |       |     1 |       ||     1
  Evoke: Wand              |       |       |       |     3 |     2 ||     5
    Use: Scroll            |     5 |     5 |    12 |     9 |     3 ||    34
         Potion            |       |     1 |     2 |     4 |     6 ||    13
 Armour: Scale mail        |    91 |    44 |       |       |       ||   135
         Chain mail        |       |    38 |   281 |    11 |       ||   330
         Plate armour      |       |       |       |   447 |   105 ||   552
  Dodge: Dodged            |    87 |    72 |   172 |   234 |    54 ||   619
  Block: Buckler           |    29 |    37 |   107 |   110 |       ||   283
         Kite shield       |       |       |       |   279 |   148 ||   427
Riposte: Scimitar          |       |       |    54 |   122 |       ||   176
         Double sword      |       |       |       |    57 |    62 ||   119

Table legend: (Time is in decaauts)
 A = Elapsed time spent in this place.
 B = Non-inter-level travel time spent in this place.
 C = Inter-level travel time spent in this place.
 D = Time resting spent in this place.
 E = Time spent auto-exploring this place.
 F = Levels seen in this place.
 G = Mean time per level.
                   A        B        C        D        E       F      G
               +--------+--------+--------+--------+--------+-----+--------+
         Total |  16126 |  15738 |    388 |    768 |  10863 |  17 |  948.6 |
       Dungeon |  15550 |  15178 |    372 |    768 |  10590 |  15 | 1036.7 |
        Temple |    135 |    120 |     15 |      0 |    103 |   1 |  135.0 |
         Sewer |    440 |    440 |      0 |      0 |    170 |   1 |  440.0 |
               +--------+--------+--------+--------+--------+-----+--------+

Top non-repeatable levels by time:
    D:12: 2147 daAuts
    D:13: 1724 daAuts
     D:6: 1283 daAuts
    D:14: 1209 daAuts
     D:4: 1130 daAuts
    D:11: 1100 daAuts
     D:2: 1080 daAuts
     D:5: 952 daAuts
     D:3: 915 daAuts
     D:8: 747 daAuts
    D:10: 720 daAuts
     D:1: 718 daAuts
     D:9: 650 daAuts
     D:7: 627 daAuts
    D:15: 542 daAuts
